 Dungeon Crawl Stone Soup version 0.28-a0-1545-g945cd3f (webtiles) character file.

Game seed: 1605925148451478157

776 Illumine the Conjurer (level 7, 6/40 HPs)
             Began as a Deep Elf Conjurer on Jan 18, 2022.
             Was an Initiate of Ashenzari.
             Quit the game on level 5 of the Dungeon.
             The game lasted 00:12:28 (4537 turns).

Illumine the Conjurer (Deep Elf Conjurer)           Turns: 4537, Time: 00:12:30

Health: 6/40       AC:  2    Str:  4    XL:     7   Next: 54%
Magic:  2/17       EV: 13    Int: 25    God:    Ashenzari [......]
Gold:   271        SH:  0    Dex: 13    Spells: 6/17 levels left

rFire   . . .      SeeInvis .   e - +3 dagger "Restrained Relativism" {Bglg, Evo} (curse)
rCold   . . .      Faith    .   (no shield)
rNeg    . . .      Spirit   .   a - +0 robe
rPois   .          Reflect  .   (no helmet)
rElec   .          Harm     .   (no cloak)
rCorr   .          Rampage  .   (no gloves)
Will    .....                   (no boots)
Stlth   ++........              (no amulet)
HPRegen 0.13/turn               (no ring)
MPRegen 0.15/turn               (no ring)

@: lethally poisoned (6 -> -3)
A: no striking features
a: Renounce Religion, Shatter the Chains


You were on level 5 of the Dungeon.
You worshipped Ashenzari.
Ashenzari was noncommittal.
You visited 1 branch of the dungeon, and saw 5 of its levels.

You collected 271 gold pieces.

Inventory:

Hand Weapons
 e - the cursed +3 dagger "Restrained Relativism" (weapon) {Bglg, Evo}
   (You took it off a goblin on level 1 of the Dungeon)

   It has a curse which improves the following skills: Beguiling: Conjurations,
   Hexes and Translocations.
   Evocations: Evocations.
Armour
 a - a +0 robe (worn)
Magical Staves
 c - a staff of poison
Wands
 j - a wand of flame (25)
Scrolls
 d - a scroll of identify
 f - 3 scrolls of blinking {unknown}
 h - a scroll of teleportation {unknown}
 i - a scroll of fog {unknown}
 k - a scroll of fear {unknown}
 l - a scroll of holy word {unknown}
 n - a scroll of noise {unknown}
 o - a scroll of enchant armour {unknown}
 r - a scroll of acquirement {unknown}
 s - a scroll of enchant weapon {unknown}
Potions
 m - a potion of degeneration
 p - a potion of attraction {unknown}
 q - a potion of might {unknown}


   Skills:
 + Level 2.0 Fighting
 - Level 0.2 Staves
 + Level 3.5 Dodging
 - Level 3.2 Stealth
 + Level 5.7 Spellcasting
 + Level 6.8(7.2) Conjurations
 * Level 3.8(4.2) Translocations
 * Level 2.0 Fire Magic


You had 6 spell levels left.
You knew the following spells:

 Your Spells              Type           Power      Damage    Failure   Level
a - Magic Dart            Conj           100%       1d8       1%          1
b - Searing Ray           Conj           86%        2d7       1%          2
c - Iskenderun's Mystic   Conj/Tloc      35%        2d8       7%          4
d - Sticky Flame          Conj/Fire      30%        2d5       11%         4

Your spell library contained the following spells:

 Spells                   Type           Power      Damage    Failure   Level
 Static Discharge         Conj/Air       25%        N/A       2%          2
 Gell's Gravitas          Tloc           28%        N/A       4%          3
 Lesser Beckoning         Tloc           28%        N/A       4%          3
 Teleport Other           Tloc           28%        N/A       4%          3
 Dazzling Flash           Conj/Hex       50%        N/A       5%          3
 Summon Small Mammal      Summ           28%        N/A       8%          1
 Fulminant Prism          Conj/Hex       12%        3d9       17%         4
 Call Canine Familiar     Summ           7%         N/A       22%         3
 Summon Guardian Golem    Hex/Summ       7%         N/A       22%         3
 Tukima's Dance           Hex            7%         N/A       22%         3
 Anguish                  Hex/Necr       3%         N/A       58%         4
 Dispel Undead            Necr           7%         3d8       58%         4
 Enfeeble                 Hex            3%         N/A       100%        7


Dungeon Overview and Level Annotations

Branches:
Dungeon (5/15)
 Temple: D:4-7

Altars:
Ashenzari
Elyvilon
Wu Jian


Message History

The kobold brigand is lightly wounded.
You feel sick.
The kobold shoots a bolt.
The bolt closely misses you.
Casting: Magic Dart (safe; 1% risk of failure)
Confirm with . or Enter, or press ? or * to list all spells.
Aiming: Magic Dart (safe; 1% risk of failure)
Press: ? - help, Shift-Dir - straight line, f/p - kobold brigand
Aim: a kobold brigand, wielding a +2 dagger of speed and quivering poisoned darts (lightly wounded, 100% to hit)
The magic dart hits the kobold brigand.
The kobold brigand is moderately wounded.
You feel sick.
The kobold shoots a bolt.
The bolt barely misses you.
Casting: Magic Dart (safe; 1% risk of failure)
Confirm with . or Enter, or press ? or * to list all spells.
Aiming: Searing Ray (safe; 1% risk of failure)
Press: ? - help, Shift-Dir - straight line, f/p - kobold brigand
Aim: a kobold brigand, wielding a +2 dagger of speed and quivering poisoned darts (moderately wounded, 77% to hit)
The searing ray hits the kobold brigand!
The kobold brigand is severely wounded. (Press . to maintain the ray.)
You feel sick.
The kobold shoots a bolt.
The bolt barely misses you.
The kobold brigand throws a poisoned dart.
The poisoned dart hits you!
You are lethally poisoned!
A kobold comes into view. It is wielding a +0 dagger.
The searing ray misses the kobold brigand.
* * * LOW HITPOINT WARNING * * *
You feel very sick. The kobold misses you.
The kobold throws a stone.
The stone hits you.
* * * LOW HITPOINT WARNING * * *
Unknown command.
The searing ray hits the kobold brigand.
The kobold brigand is almost dead.
* * * LOW HITPOINT WARNING * * *
You feel sick. The kobold barely misses you.
Casting: Searing Ray (safe; 1% risk of failure)
Confirm with . or Enter, or press ? or * to list all spells.
Okay, then.
Okay, then.
Save game and exit?
Okay, then.
Are you sure you want to abandon this character and quit the game? (Confirm with "yes".)

#..# #.# .# ##..(.#§#○#.# #..#
#.##.#######..#..#.#.#.. #..#
#.#....##....##.##.#.#.. #..#
#.#....#.....#..##.#.#.. ###..#
#.#............###§#.#..
.#...#####.#...#..........#.#.#..
....#))................####.#○#..
.##.#.............).......#.#○#..
............##..@K[.......#.#○#..
.##.#.......####.......####.#°#.
..............##.K.K...## #.#.#.
..........###...........# #.#.##
#.........# ####......#†# #.#.###
#....###### #.....##.# #...#..
#....# ##K...##K######## #....# #
#####.#....K.....# .
..#.....#.....K....##..


You could see a kobold brigand and 3 kobolds.

Vanquished Creatures
  3 black bears
  A necrophage (D:4)
  An ogre (D:5)
  A scorpion (D:5)
  Terence (D:3)
  A hound (D:3)
  An iguana (D:5)
  Ijyb (D:3)
  2 hound skeletons
  2 gnolls (D:5)
  5 adders
  3 dart slugs
  A worm (D:3)
  5 orcs (D:3)
  An endoplasm (D:1)
  2 giant cockroaches (D:4)
  8 goblins
  3 hobgoblins
  6 quokkas
  3 ball pythons (D:1)
  8 bats
  4 frilled lizards
  10 kobolds
  6 rats
79 creatures vanquished.

Vanquished Creatures (others)
  4 fungi (D:3)
  3 plants (D:3)
7 creatures vanquished.

Grand Total: 86 creatures vanquished

Notes
Turn   | Place    | Note
-------+----------+-------------------------------------------
     0 | D:1      | Illumine the Deep Elf Conjurer began the quest for the Orb.
     0 | D:1      | Reached XP level 1. HP: 10/10 MP: 6/6
   342 | D:1      | Reached XP level 2. HP: 15/15 MP: 5/8
   382 | D:1      | Learned a level 2 spell: Searing Ray
   455 | D:1      | Reached skill level 5 in Conjurations
   941 | D:1      | Reached XP level 3. HP: 19/19 MP: 7/9
  1434 | D:2      | Found a white marble altar of Elyvilon.
  1772 | D:3      | Noticed Ijyb
  1776 | D:3      | Killed Ijyb
  1966 | D:3      | Noticed Terence
  2018 | D:3      | Reached XP level 4. HP: 24/24 MP: 7/11
  2121 | D:3      | Reached skill level 6 in Conjurations
  2246 | D:3      | Killed Terence
  2397 | D:3      | Reached XP level 5. HP: 28/28 MP: 8/13
  2657 | D:3      | Found a faded altar of an unknown god.
  2935 | D:4      | Noticed a black bear
  2988 | D:4      | Learned a level 4 spell: Iskenderun's Mystic Blast
  2988 | D:4      | Found a broken altar of Ashenzari.
  2991 | D:4      | Became a worshipper of Ashenzari the Shackled
  3024 | D:4      | Noticed a black bear
  3031 | D:4      | Killed a black bear
  3032 | D:4      | Reached skill level 1 in Fighting
  3032 | D:4      | Reached skill level 1 in Translocations
  3139 | D:4      | Reached XP level 6. HP: 34/34 MP: 10/15
  3159 | D:4      | Reached skill level 5 in Spellcasting
  3666 | D:4      | Learned a level 4 spell: Sticky Flame
  3975 | D:4      | Found an ornate altar of the Wu Jian Council.
  4115 | D:5      | Entered Level 5 of the Dungeon
  4231 | D:5      | Reached XP level 7. HP: 38/38 MP: 7/17
  4315 | D:5      | Reached skill level 1 in Fire Magic
  4537 | D:5      | Quit the game

Illustrated notes

Levels and vault maps discovered:
D:1:      dpeg_arrival_lava_temple_mockup, layout_basic
D:2:      layout_rooms, minmay_hexomino_r4
D:3:      layout_basic, dreamdust_ecumenical_altar_grove, uniq_ijyb,
          uniq_terence
D:4:      nicolae_cairo_tiling, layout_loops_ring, ashenzari_altar_1,
          nicolae_wu_jian_immortal_techniques
D:5:      lemuel_ice_spiral_2, layout_rooms, grunt_ministairs_10,
          uniq_crazy_yiuf_cottage

Skill      XL: |  1  2  3  4  5  6  7 |
---------------+----------------------+-----
Conjurations   | 5 6 |  6.8
Spellcasting   | 4 5 |  5.7
Fighting       | 1 2 |  2.0
Stealth        | 3 |  3.2
Translocations | 1 3 |  3.8
Dodging        | 3 |  3.5
Fire Magic     | 2 |  2.0
Staves         | |  0.2

Action                   |  1- 3 |  4- 6 |  7- 9 || total
-------------------------+-------+-------+-------++-------
Melee: Staff             |     1 |       |       ||     1
 Cast: Magic Dart        |    56 |    62 |    10 ||   128
       Searing Ray       |     3 |    14 |     5 ||    22
       Sticky Flame      |       |       |     2 ||     2
Invok: Curse Item        |       |     1 |       ||     1
  Use: Scroll            |       |     3 |       ||     3
       Potion            |       |       |     3 ||     3
Armor: Robe              |       |     5 |       ||     5
Dodge: Dodged            |     2 |    15 |    15 ||    32

Table legend: (Time is in decaauts)
 A = Elapsed time spent in this place.
 B = Non-inter-level travel time spent in this place.
 C = Inter-level travel time spent in this place.
 D = Time resting spent in this place.
 E = Time spent auto-exploring this place.
 F = Levels seen in this place.
 G = Mean time per level.
                   A        B        C        D        E       F      G
               +--------+--------+--------+--------+--------+-----+--------+
         Total |   4538 |   4296 |    242 |    393 |   3301 |   5 |  907.6 |
       Dungeon |   4538 |   4296 |    242 |    393 |   3301 |   5 |  907.6 |
               +--------+--------+--------+--------+--------+-----+--------+

Top non-repeatable levels by time:
     D:3: 1210 daAuts
     D:4: 1200 daAuts
     D:1: 1086 daAuts
     D:2: 682 daAuts
     D:5: 358 daAuts
